 Dungeon Crawl Stone Soup version 0.31-a0-237-g2d982f9f85 (webtiles) character file.

Game seed: 7808370151114555949

133 qw the Shooter (level 4, 0/37 HPs)
             Began as a Minotaur Hexslinger on July 11, 2023.
             Slain by Grinder (6 damage)
             ... on level 3 of the Dungeon.
             The game lasted 00:00:40 (1816 turns).

qw the Shooter (Minotaur Hexslinger)                Turns: 1816, Time: 00:00:40

Health: 0/37       AC:  3    Str: 12    XL:     4   Next: 93%
Magic:  4/4        EV: 12    Int: 10    God:
Gold:   90         SH:  0    Dex: 15    Spells: 4/5 levels left

rFire   . . .        Y - +1 sling (flame)
rCold   . . .        (no shield)
rNeg    . . .        b - +0 leather armour
rPois   .            (helmet restricted)
rElec   .            (no cloak)
rCorr   .            (no gloves)
SInv    +            (no boots)
Will    .....        (no amulet)
Stlth   +            (no ring)
HPRegen 0.26/turn    (no ring)
MPRegen 0.09/turn

%: no passive effects
@: no status effects
A: horns 2, retaliatory headbutt, see invisible, mutation resistance 1, sense
surroundings 1, screaming 1
a: no special abilities


You were on level 3 of the Dungeon.
You visited 1 branch of the dungeon, and saw 3 of its levels.

You collected 90 gold pieces.


Innate Abilities, Weirdness & Mutations

You have a pair of horns on your head.
You reflexively headbutt those who attack you in melee.
You have supernaturally acute eyesight. (SInv)
You are somewhat resistant to further mutation.
You passively map a small area around you.
You occasionally shout uncontrollably at your foes.


   Skills:
 + Level 2.8 Fighting
 - Level 5.1 Ranged Weapons
 - Level 2.1 Dodging
 - Level 1.0 Spellcasting
 - Level 2.0 Hexes


You had 4 spell levels left.
You knew the following spells:

 Your Spells              Type           Power      Damage    Failure   Level
a - Slow                  Hex            16%        N/A       19%         1

Your spell library contained the following spells:

 Spells                   Type           Power      Damage    Failure   Level
 Inner Flame              Hex/Fire       2%         N/A       65%         3
 Portal Projectile        Hex/Tloc       4%         N/A       65%         3
 Cause Fear               Hex            2%         N/A       88%         4

Inventory:

Hand Weapons
 Y - a +1 sling of flaming (weapon)
Armour
 b - a +0 leather armour (worn)
Scrolls
 f - a scroll of identify {unknown}
 g - a scroll of noise {unknown}
Potions
 a - a potion of mutation
 c - a potion of attraction {unknown}
 d - a potion of ambrosia {unknown}
 e - a potion of curing {unknown}

Dungeon Overview and Level Annotations

Branches:
Dungeon (3/15)

Altars:

Shops:
D:1 ?

Annotations:
D:3 Grinder


Message History

Enter note:
Enter note:
Enter note:
Enter note:
Enter note: You shoot a sling bullet.
The sling bullet barely misses Grinder.
Grinder blinks!
Grinder gestures at you.
You suddenly lose the ability to move!
Grinder gestures at you. Pain shoots through your body!
You can move again.
Enter note:
Enter note:
Enter note:
Enter note: You shoot a sling bullet.
The sling bullet hits Grinder.
The sling bullet burns Grinder.
Grinder is heavily wounded.
You shoot a sling bullet.
The sling bullet hits Grinder but does no damage.
Grinder is heavily wounded.
You shoot a sling bullet. The sling bullet barely misses Grinder.
Grinder gestures at you.
You barely resist. Grinder gestures at you.
You suddenly lose the ability to move!
You can move again.
You shoot a sling bullet.
The sling bullet closely misses Grinder.
Grinder hits you.
You shoot a sling bullet.
The sling bullet hits Grinder but does no damage.
Grinder is heavily wounded.
Grinder hits you!
You writhe in agony.
You shoot a sling bullet.
The sling bullet hits Grinder but does no damage.
Grinder is heavily wounded.
Grinder hits you.
You die...

* , ###......... *
**#............
#............### ,
+### #...............
... #...............
,#.###...............
, ,
#.....#'######+##...
,#...5.#....# #.##...
,#.#@..####.# #.##...
* ,#.#..##
#.###.....# , , ,
#...## #.....#.#.. ,
, ##### ##....#.### ,
#.##.....# * *
#.#...<..# ,*
#......#.# ######.#.#
, #.##.


You could see Grinder.

Vanquished Creatures
  A hound (D:2)
  Terence (D:2)
  A gnoll (D:1)
  2 adders (D:3)
  2 dart slugs (D:1)
  7 ball pythons
  2 bats
  6 endoplasms
  A giant cockroach (D:1)
  4 goblins (D:2)
  2 hobgoblins
  3 kobolds
  3 quokkas (D:2)
  3 frilled lizards
  9 rats
47 creatures vanquished.

Notes
Turn   | Place    | Note
-------+----------+-------------------------------------------
     0 | D:1      | qw the Minotaur Hexslinger began the quest for the Orb.
     0 | D:1      | Reached XP level 1. HP: 16/16 MP: 1/1
     0 | D:1      | 0 ||| qw: Version: 0.3-a-52-g30416fa
     0 | D:1      | 0 ||| qw: Game counter: 5689
     0 | D:1      | 0 ||| qw: Melee chars always use a shield: true
     0 | D:1      | 0 ||| qw: God list: Okawaru
     0 | D:1      | 0 ||| qw: Allow faded altars: false
     0 | D:1      | 0 ||| qw: Do Orc after clearing Dungeon:15 true
     0 | D:1      | 0 ||| qw: Do second Lair branch before Depths: true
     0 | D:1      | 0 ||| qw: Lair rune preference: random
     0 | D:1      | 0 ||| qw: Goals: Normal
     0 | D:1      | 0 ||| PLANNING D:1-11
     5 | D:1      | 5 ||| Stepping ~*~*~tactically~*~*~ (water).
   191 | D:1      | Reached skill level 3 in Ranged Weapons
   191 | D:1      | Reached XP level 2. HP: 21/23 MP: 2/2
   253 | D:1      | Found Exkuan's Magic Scroll Shoppe.
   263 | D:1      | 263 ||| SHOPLISTING scroll of enchant weapon (105 gold,
                  | have 0).
   263 | D:1      | 263 ||| SHOPLISTING scroll of identify (28 gold, have 0).
   263 | D:1      | 263 ||| SHOPLISTING scroll of teleportation (42 gold, have
                  | 0).
   633 | D:1      | HP: 6/24 [gnoll/+0 club (8)]
   637 | D:1      | Reached XP level 3. HP: 6/29 MP: 3/3
   964 | D:1      | 964 ||| READING scroll labelled GOVUUL WUR SUM.
   965 | D:1      | 965 ||| READING scroll labelled RIEDA ZIFO.
   966 | D:1      | 966 ||| READING scroll labelled KOOCOENIQA.
   967 | D:1      | 967 ||| READING scroll labelled XILITE KARYA.
   972 | D:1      | 972 ||| DROPPING scroll of poison.
  1090 | D:2      | Reached skill level 4 in Ranged Weapons
  1119 | D:2      | Noticed Terence
  1126 | D:2      | Reached XP level 4. HP: 23/36 MP: 4/4
  1138 | D:2      | HP: 9/36 [Terence/+0 short sword (1)]
  1139 | D:2      | 1139 ||| DRINKING potion of heal wounds.
  1145 | D:2      | HP: 8/36 [Terence/+0 short sword (5)]
  1151 | D:2      | Killed Terence
  1152 | D:2      | Reached skill level 5 in Ranged Weapons
  1204 | D:2      | 1204 ||| FLEEEEING.
  1206 | D:2      | 1206 ||| STAIRDANCE
  1268 | D:1      | 1268 ||| UPGRADING to +0 leather armour.
  1278 | D:1      | 1278 ||| DROPPING +0 robe.
  1279 | D:1      | 1279 ||| DRINKING 2 emerald potions.
  1279 | D:1      | Gained mutation: You occasionally shout uncontrollably at
                  | your foes. [potion of mutation]
  1279 | D:1      | Gained mutation: You have supernaturally acute eyesight.
                  | (SInv) [potion of mutation]
  1279 | D:1      | Gained mutation: You passively map a small area around you.
                  | [potion of mutation]
  1279 | D:1      | Gained mutation: You are somewhat resistant to further
                  | mutation. [potion of mutation]
  1441 | D:2      | Found a faded altar of an unknown god.
  1535 | D:2      | 1535 ||| READING scroll labelled BETOCU JIRPH.
  1789 | D:3      | Noticed Grinder
  1808 | D:3      | Paralysed by Grinder for 2 turns
  1812 | D:3      | Paralysed by Grinder for 2 turns
  1815 | D:3      | HP: 5/37 [Grinder (6)]
  1816 | D:3      | Slain by Grinder

Levels and vault maps discovered:
D:1:      reono_arrival_forest_river, layout_loops_ring, serial_shops,
          nicolae_shop_just_a_little_nook, minmay_tripent
D:2:      layout_rooms, chequers_ecumenical_altar_island,
          chequers_serial_rivers_micro_c, kennysheep_path_1, uniq_terence
D:3:      layout_basic, nicolae_qazlal_style_of_elements, uniq_grinder

Skill      XL: |  1  2  3  4 |
---------------+-------------+-----
Ranged Weapons | 3 4 5 |  5.1
Fighting       | 2 |  2.8
Dodging        | |  2.1
Spellcasting   | |  1.0
Hexes          | |  2.0

Action                     |  1- 3 |  4- 6 || total
---------------------------+-------+-------++-------
   Fire: Sling             |    97 |    59 ||   156
    Use: Scroll            |     4 |     1 ||     5
         Potion            |       |     2 ||     2
 Armour: Robe              |     4 |     3 ||     7
  Dodge: Dodged            |    19 |    24 ||    43

Table legend:
 A = Non-vault XP
 B = Vault XP
 C = Vault XP percentage of total XP
 D = Non-vault monster count
 E = Vault monster count
 F = Vault count percentage of total count
                 A         B        C        D         E       F
            +---------+---------+-------+---------+---------+-------
      Total |     152 |      38 |  20.0 |      44 |       3 |   6.4
            +---------+---------+-------+---------+---------+-------
        D:1 |      51 |       2 |   3.8 |      22 |       2 |   8.3
        D:2 |      70 |      36 |  34.0 |      17 |       1 |   5.6
        D:3 |      31 |       0 |   0.0 |       5 |       0 |   0.0
            +---------+---------+-------+---------+---------+-------
